 Dungeon Crawl Stone Soup version 0.30.1-9-gdf580d7c3d (webtiles) character file.

Game seed: 1411940187814551209

28 lonewolfV2 the Shield-Bearer (level 3, -1/30 HPs)
             Began as a Formicid Fighter on Oct 22, 2023.
             Slain by a goblin
             ... wielding a +0 club
             ... led by Robin
              (6 damage)
             ... on level 1 of the Dungeon.
             The game lasted 00:02:44 (655 turns).

lonewolfV2 the Shield-Bearer (Formicid Fighter)      Turns: 655, Time: 00:02:45

Health: -1/30      AC: 11    Str: 22    XL:     3   Next: 27%
Magic:  3/3        EV:  6    Int:  7    God:
Gold:   73         SH:  5    Dex: 13    Spells: 2/2 levels left

rFire   . . .        a - +0 war axe
rCold   . . .        c - +0 buckler
rNeg    . . .        g - +0 plate armour
rPois   .            (helmet unavailable)
rElec   .            (no cloak)
rCorr   .            (no gloves)
SInv    +            (no boots)
Will    .....        (no amulet) Stlth
                     (no ring)
HPRegen 0.25/turn    (no ring)
MPRegen 0.08/turn

%: no passive effects
@: no status effects
A: permanent stasis, dig shafts and tunnels, antennae 3, four strong arms
a: Dig, Shaft Self


You were on level 1 of the Dungeon.
You visited 1 branch of the dungeon, and saw 2 of its levels.

You collected 73 gold pieces.

Inventory:

Hand Weapons
 a - a +0 war axe (weapon)
Armour
 b - a +0 scale mail
 c - a +0 buckler (worn)
 g - a +0 plate armour (worn)
Scrolls
 f - a scroll of identify
Potions
 d - a potion of might
 h - a potion of curing


   Skills:
 + Level 3.8 Fighting
 - Level 2.0 Axes
 + Level 3.7 Armour
 + Level 4.6 Shields


You had 2 spell levels left.
You didn't know any spells.
Your spell library was empty.

Dungeon Overview and Level Annotations

Branches:
Dungeon (2/15)

Altars:

Annotations:
D:2 Robin


Innate Abilities, Weirdness & Mutations

You cannot be hasted, slowed, berserked, paralysed or teleported.
You can dig through walls and to a lower floor.
You have a pair of large antennae on your head. (SInv)
Your four strong arms can wield two-handed weapons with a shield.


Message History

The hobgoblin goes into a battle-frenzy!
The goblin hits you with a +0 dagger.
Unknown command.
You hit the hobgoblin.
You kill the hobgoblin!
You closely miss the goblin. x2
You hit the frilled lizard but do no damage.
You barely miss the goblin. You barely miss the hobgoblin.
The hobgoblin hits you.
The goblin hits you but does no damage. x3
You block the frilled lizard's attack.
The hobgoblin hits you but does no damage.
The goblin hits you with a +0 club.
The frilled lizard bites you but does no damage.
The hobgoblin hits you.
* * * LOW HITPOINT WARNING * * *
You block the goblin's attack. The goblin barely misses you.
You hit the hobgoblin but do no damage. You barely miss the hobgoblin.
You hit the goblin.
You kill the goblin!
You closely miss the goblin. You barely miss the frilled lizard.
You closely miss the goblin. You block the frilled lizard's attack.
The hobgoblin hits you but does no damage. x2
The goblin hits you but does no damage. The goblin barely misses you.
Unknown command.
The frilled lizard bites you but does no damage.
The goblin hits you with a +0 dagger.
* * * LOW HITPOINT WARNING * * *
The hobgoblin hits you but does no damage.
The hobgoblin completely misses you. The goblin barely misses you.
You climb upwards.
There is a stone staircase leading down here.
You barely miss the goblin. You barely miss the frilled lizard.
You barely miss the hobgoblin. You hit the hobgoblin but do no damage.
You slash the goblin!
You kill the goblin!
You block the hobgoblin's attack. The hobgoblin hits you.
* * * LOW HITPOINT WARNING * * *
The frilled lizard bites you but does no damage.
The goblin hits you with a +0 club.
You die...

#.....#...# #.#...
#.###.#...#####.##.#
##'###+###...........
#.......##.##.###†...
#..........##'#####..
#....................
#....(..........#####
#...gg...............
#..)@g..#####'#.#####
####l.#.....[.#.#
#....##......#
#.##+##......#####
#.#..........'....
#.#..........#####
#.#..........#
#.#.......####
#.#########


You could see 2 hobgoblins, a goblin (strong) and a frilled lizard.

Vanquished Creatures
  A dart slug (D:1)
  3 endoplasms (D:1)
  A giant cockroach (D:1)
  7 goblins
  3 hobgoblins
  2 kobolds (D:1)
  4 ball pythons (D:1)
  A bat (D:1)
  A frilled lizard (D:1)
  2 rats (D:1)
25 creatures vanquished.

Notes
Turn   | Place    | Note
-------+----------+-------------------------------------------
     0 | D:1      | lonewolfV2 the Formicid Fighter began the quest for the
                  | Orb.
     0 | D:1      | Reached XP level 1. HP: 18/18 MP: 1/1
   150 | D:1      | Reached XP level 2. HP: 20/24 MP: 2/2
   348 | D:2      | Noticed Robin
   437 | D:1      | Reached XP level 3. HP: 30/30 MP: 3/3
   655 | D:1      | Slain by a goblin

Illustrated notes

Levels and vault maps discovered:
D:1:      minmay_arrival_hallway, layout_basic
D:2:      layout_basic, uniq_jessica, uniq_robin

Action                     || total
---------------------------++-------
  Melee: War axe           ||    55
    Use: Scroll            ||     3
 Armour: Scale mail        ||    20
         Plate armour      ||    40
  Dodge: Dodged            ||    29
  Block: Buckler           ||    23
